AoeStats
← thiago.16

Yucatan

510417565Analyzed
2v2 RM · 2d ago on Sep 30, 2026· 54m 18s· 4 players
Game mode
Random Map
Map size
Medium (4 player)
Population
200
Speed
Normal
Resources
Standard
Victory
Conquest
Starting age
Dark Age
Ending age
Imperial Age
RankedLock teamsTeams togetherTeam positionsShared explorationLock speedFull tech treeHidden civsTurbo modeCheats
Victory
Defeat
🇧🇷 Japanese · Brazil
546
+16
🇧🇷 Magyars · Brazil
545
+16
🇩🇰 Inca · Denmark
561
-27
🇫🇷 Franks · France
539
-21
Danhowser
14:13 Feudal Age
17:41 Double-Bit Axe
20:58 Wheelbarrow
20:23 Gold Mining
25:29 Castle Age
24:21 Scale Barding Armor
27:35 Husbandry
28:31 Hand Cart
29:13 Bow Saw
29:46 Gold Shaft Mining
29:02 Stone Mining
33:48 Imperial Age
32:14 Caravan
33:10 Husbandry
33:35 Chain Barding Armor
35:20 Cavalier
38:29 Elite Throwing Axeman
42:05 Paladin
47:53 Pikeman
48:34 Squires
48:20 Pikeman
52:48 Onager
solid_mat21
15:33 Feudal Age
16:54 Wheelbarrow
17:25 Horse Collar
17:32 Double-Bit Axe
23:17 Arson
28:17 Castle Age
26:06 Champi Runner
26:57 Gold Mining
26:59 Stone Mining
29:23 Pikeman
30:04 Squires
30:22 Heavy Plow
30:32 Bow Saw
30:59 Gold Shaft Mining
31:22 Hand Cart
35:58 Champi Warrior
Nourext
1:12 Loom
14:56 Feudal Age
16:12 Wheelbarrow
15:51 Town Watch
16:46 Horse Collar
20:00 Stone Mining
20:48 Double-Bit Axe
24:18 Gold Mining
26:51 Castle Age
25:23 Bloodlines
27:28 Scale Barding Armor
27:14 Fletching
28:27 Bow Saw
28:20 Heavy Plow
27:45 Pikeman
28:47 Hand Cart
32:01 Town Patrol
37:52 Husbandry
38:08 Bodkin Arrow
38:33 Chain Barding Armor
38:28 Thumb Ring
38:42 Thumb Ring
40:18 Corvinian Army
41:08 Ballistics
42:35 Masonry
45:16 Imperial Age
45:09 Gold Shaft Mining
46:00 Bracer
46:37 Plate Barding Armor
47:21 Parthian Tactics
47:44 Crop Rotation
48:29 Chemistry
47:07 Heavy Cavalry Archer
51:04 Hoardings
50:31 Recurve Bow
51:13 Hoardings
thiago.16
0:29 Loom
12:01 Feudal Age
12:27 Horse Collar
12:37 Double-Bit Axe
14:17 Man-at-Arms
16:25 Wheelbarrow
16:54 Gold Mining
23:20 Castle Age
21:57 Scale Mail Armor
22:28 Padded Archer Armor
22:58 Forging
22:58 Stone Mining
23:36 Fletching
24:05 Heavy Plow
24:27 Bow Saw
23:48 Elite Skirmisher
24:41 Squires
25:02 Pikeman
25:28 Arson
26:45 Chain Mail Armor
27:19 Treadmill Crane
28:32 Leather Archer Armor
28:59 Gold Shaft Mining
29:59 Iron Casting
29:49 Hand Cart
31:49 Bodkin Arrow
37:16 Imperial Age
39:36 Ballistics
40:17 Chemistry
39:13 Murder Holes
39:53 Plate Mail Armor
39:54 Ring Archer Armor
40:08 Elite Samurai
41:46 Town Watch
48:56 Halberdier
49:40 Bracer
50:41 Blast Furnace
49:55 Yasama
50:16 Kataparuto
50:33 Hoardings
50:18 Conscription
53:38 Two-Man Saw
Connection lost

Rejoining the realm…

Still unreachable

The connection could not be restored.

Session expired

The server has moved on; the page needs a fresh start.